[Event "*** Titled Tuesday Blitz"]
[Site "Chess.com"]
[Date "2020.11.24"]
[Round "1"]
[White "Smile2005"]
[Black "Harsha_Bharathakoti"]
[Result "0-1"]
[WhiteElo "2374"]
[BlackElo "2713"]
[TimeControl "180+1"]
[EndTime "10:23:19 PST"]
[Termination "Harsha_Bharathakoti won by resignation"]

1. Nf3 d5 2. g3 g6 3. Bg2 Bg7 4. O-O e5 5. d3 Ne7 6. e4 O-O 7. exd5 Nxd5 8. Re1 Nc6 9. Nc3 Nb6 10. Be3 Re8 11.
Qd2 Bf5 12. Bh6 Bh8 13. Ng5 Qd7 14. Nge4 Qe7 15. a4 a5 16. Nb5 Rad8 17. Bg5 f6 18.
Be3 Nd5 19. Bc5 Qd7 20. Nec3 Ndb4 21. Rad1 b6 22. Be3 Bg4 23. f3 Bf5 24. f4 Bg4 25. Rc1 Bg7 26. Qf2 h5 27. Ne4 Nd5 28. Nec3 Nxe3 29. Rxe3 exf4 30. Qxf4 Rxe3 31. Qxe3 Ne5 32. Nd5 c6 33. Nxb6 Qc7 34. Nc3 Kh7 35. Ne4 Bf5 36.
Nc4 Ng4 37. Qe2 Qa7+ 38. Kf1 Nxh2+ 39. Ke1 Qg1+ 40. Kd2 Bh6+ 41. Ne3 Bxe3+ 42. Qxe3 Qxg2+ 43. Kc3 Bxe4 44. Qxe4 Qxe4 45. dxe4 Nf3 46. Kc4 Ne5+ 47. Kc5 Rb8 48. b3 g5 49. Rd1 Kg6 50. Rd6 h4 51. gxh4 gxh4 52. Rd7 Nxd7+ 0-1

[Event "*** Titled Tuesday Blitz"]
[Site "Chess.com"]
[Date "2020.11.24"]
[Round "1"]
[White "Ze-Pequeno"]
[Black "KaterinaMiroshnik"]
[Result "1-0"]
[WhiteElo "2245"]
[BlackElo "2519"]
[TimeControl "180+1"]
[EndTime "10:23:19 PST"]
[Termination "Ze-Pequeno won by resignation"]

1. e4 e6 2. d4 d5 3. Nc3 Nf6 4. Bg5 Be7 5. e5 Nfd7 6. h4 a6 7.
Qg4 Kf8 8. O-O-O c5 9. dxc5 Nxc5 10. Bxe7+ Qxe7 11. Nxd5 Qd8 12. Nc3 Qc7 13. Nf3 h5 14.
Qf4 Qe7 15. Bd3 Bd7 16. Be4 Nc6 17. Rhe1 Kg8 18. Ng5 Be8 19. g3 Rc8 20. Kb1 b5 21. Bxc6 Bxc6 22. Qd4 a5 23. Nce4 Nxe4 24. Nxe4 Bxe4 25.
Rxe4 b4 26. Qd6 Qb7 27. Rf4 Rc7 28. Qd8+ Kh7 29. Qd3+ g6 30. g4 Kg7 31. b3 hxg4 32.
Rxg4 Rc3 33. Qd4 Rf3 34. Rg3 Rf5 35. Rdg1 Rfh5 36. Rg4 Qe7 37. Rh1 Rd8 38. Qe3 Rhh8 39. h5 Kf8 40. Rgh4 Rd7 41. R4h3 Qd8 42. Qe2 Rd2 43. Qc4 Qd5 44. Qxd5 Rxd5 45. hxg6 Rxh3 46. Rxh3 Rxe5 47. gxf7 Re1+ 48. Kb2 Kxf7 49. Rh7+ Kf6 50. Ra7 Re2 51. Rxa5 Rxf2 52. Rb5 Rf4 53. a4 bxa3+ 54. Kxa3 e5 55. Rb6+ Kf5 56. Rb8 e4 57. Re8 Kg4 58.
c4 Kf3 59. c5 Rf6 60. b4 e3 61. b5 Rf4 62. b6 Re4 63. Rxe4 Kxe4 64. b7 e2 65.
b8=Q 1-0

[Event "*** Titled Tuesday Blitz"]
[Site "Chess.com"]
[Date "2020.11.24"]
[Round "1"]
[White "shnitez"]
[Black "EdmundPlayer"]
[Result "1-0"]
[WhiteElo "2508"]
[BlackElo "2111"]
[TimeControl "180+1"]
[EndTime "10:23:19 PST"]
[Termination "shnitez won by resignation"]

1. c4 e5 2. Nc3 Nf6 3. Nf3 Nc6 4. e3 d5 5. cxd5 Nxd5 6. Bb5 Nxc3 7. bxc3 Bd7 8. d4 e4 9. Nd2 Qg5 10. Bf1 Qg6 11. g3 Be7 12. Bg2 f5 13. Rb1 b6 14.
f3 O-O 15. O-O exf3 16. Bxf3 Rae8 17. Qc2 Na5 18. e4 fxe4 19. Bxe4 Qh5 20. Nf3 Bd6 21. Bd2 Kh8 22. Rbe1 Bh3 23. Rf2 Re7 24. Bxh7 Rxe1+ 25. Bxe1 Rxf3 26. Bg6 Rxf2 27. Bxf2 Qf3 28. Be4 Qf6 29. Qe2 g6 30. c4 Kg7 31. c5 bxc5 32. dxc5 Be5 33.
c6 Bd4 34. Bf3 Bxf2+ 35. Kxf2 Bg4 36. h3 Qxf3+ 37. Qxf3 Bxf3 38. Kxf3 Nxc6 39. Ke4 Nb4 40. a3 Nc2 41. a4 Nb4 42. Kd4 a5 43. Kc5 Kf6 44.
Kb5 Ke6 45. Kxa5 Nd3 46. Kb5 Kd6 47. a5 c5 48. a6 Kc7 49. Kc4 Ne5+ 50. Kxc5 Nd7+ 51.
Kd5 Kb6 52. Ke6 Nc5+ 53. Kf6 Kxa6 54. Kxg6 Kb6 55. h4 Kc7 56. h5 Kd7 57. h6 Ne6 58.
h7 Nf8+ 59. Kg7 Nxh7 60. Kxh7 Ke6 61. Kg6 Ke7 62. g4 Ke6 63. g5 Ke7 64. Kh7 Kf8 65. g6 1-0

[Event "*** Titled Tuesday Blitz"]
[Site "Chess.com"]
[Date "2020.11.24"]
[Round "1"]
[White "RamyresCoelho"]
[Black "Piotrek1979"]
[Result "0-1"]
[WhiteElo "2086"]
[BlackElo "2497"]
[TimeControl "180+1"]
[EndTime "10:23:19 PST"]
[Termination "Piotrek1979 won by checkmate"]

1. e4 c6 2. d4 d5 3. Nc3 dxe4 4.
Nxe4 Bf5 5. Ng3 Bg6 6. Nf3 Nd7 7. h4 h6 8. h5 Bh7 9. Bd3 Bxd3 10. Qxd3 e6 11. Bd2 Ngf6 12. O-O-O Be7 13. Ne4 Nxe4 14. Qxe4 Nf6 15. Qe2 Qd5 16. c4 Qe4 17. Qxe4 Nxe4 18. Be3 f5 19. Nd2 Nf6 20. f3 Kf7 21. Nb3 Rhd8 22.
Na5 Rd7 23. Kc2 Rad8 24. Nb3 b6 25. Rd3 c5 26. Rd2 cxd4 27. Rxd4 e5 28. Rxd7 Rxd7 29. Nd2 Ke6 30. b3 Bc5 31. Bxc5 bxc5 32. Kc3 Rd4 33. a3 a5 34. g3 e4 35. fxe4 fxe4 36. Re1 Kf5 37. Rf1+ Ke5 38. Re1 Rd3+ 39. Kc2 Rxg3 40.
Re2 a4 41. bxa4 Rxa3 42. Nb3 Ra2+ 43. Kd1 Rxa4 44. Nxc5 Rxc4 45. Nd3+ Kf5 46. Rf2+ Kg5 47. Ne5 Rd4+ 48. Ke2 Kxh5 49. Rh2+ Kg5 50. Rg2+ Kf5 51.
Nc6 Rc4 52. Nd8 Rc2+ 53. Kf1 Rxg2 54. Kxg2 g5 55. Nf7 h5 56. Nd6+ Kf4 57. Nc4 g4 58.
Nd2 h4 59. Nf1 Nd5 60. Kf2 Nc3 61. Nh2 g3+ 62. Kg2 gxh2 63. Kh1 e3 64. Kg2 e2 65. Kh3 h1=Q# 0-1

[Event "*** Titled Tuesday Blitz"]
[Site "Chess.com"]
[Date "2020.11.24"]
[Round "1"]
[White "igorknyazev"]
[Black "Alohamora11"]
[Result "1/2-1/2"]
[WhiteElo "2050"]
[BlackElo "2478"]
[TimeControl "180+1"]
[EndTime "10:23:19 PST"]
[Termination "Game drawn by repetition"]

1. e4 c5 2. f4 Nc6 3. Nf3 g6 4.
Bc4 Bg7 5. O-O e6 6. Qe1 Nge7 7. Nc3 O-O 8. e5 Nd4 9. Nxd4 cxd4 10. Ne4 d5 11. exd6 Nf5 12. d3 Nxd6 13. Bb3 b6 14.
Nxd6 Qxd6 15. Qe4 Rb8 16. Bd2 Bb7 17. Qe2 b5 18. a3 Rfe8 19. Bb4 Qd8 20. Rac1 a5 21.
Be1 a4 22. Ba2 Bd5 23. c4 bxc4 24. Bxc4 Bxc4 25. Rxc4 Qb6 26. Bb4 Rec8 27. Qc2 Rxc4 28. Qxc4 Qb7 29. Rc1 Bf8 30. Bxf8 Kxf8 31. Qxd4 Qb6 32.
Rc8+ Ke7 33. Qxb6 Rxb6 34. Rc2 Rb3 35. d4 Kd6 36. Kf2 Kd5 37. Rc7 Rxb2+ 38. Kf3 Rb3+ 39.
Kg4 f5+ 40. Kg5 Rxa3 41. Rxh7 Ra2 42. g3 a3 43. Kxg6 Kxd4 44. Ra7 Kc4 45. h4 Kb3 46. Rb7+ Kc3 47. Ra7 Kb2 48. Rb7+ Ka1 49. h5 Rg2 50. h6 Rxg3+ 51. Kf6 Rh3 52. h7 a2 53. Kg7 Rg3+ 54. Kf6 Rh3 55. Kg7 Rg3+ 56. Kf8 Rh3 57. Kg8 Rg3+ 58. Kf7 Rh3 59. Kg8 Rg3+ 60. Kf7 Rh3 61. Kg8 1/2-1/2

[Event "*** Titled Tuesday Blitz"]
[Site "Chess.com"]
[Date "2020.11.24"]
[Round "1"]
[White "beautroll"]
[Black "pheonixking2000"]
[Result "0-1"]
[WhiteElo "2404"]
[BlackElo "2790"]
[TimeControl "180+1"]
[EndTime "10:23:21 PST"]
[Termination "pheonixking2000 won by checkmate"]

1. e4 g6 2. d4 Bg7 3. Nc3 c6 4. a4 d5 5. e5 f6 6. f4 Nh6 7.
Nf3 O-O 8. Be2 a5 9. O-O Na6 10. exf6 exf6 11. Kh1 Nb4 12. Be3 Bf5 13. Rc1 Re8 14.
Bg1 Qd6 15. Qd2 Nf7 16. Nh4 Bd7 17. g3 Bh3 18. Ng2 f5 19. Bf3 Qd7 20. Rfe1 Nd6 21. b3 Ne4 22. Nxe4 dxe4 23. Be2 Rad8 24. c3 Bxg2+ 25.
Kxg2 Nd5 26. Be3 Kh8 27. Bc4 Nb6 28. Qe2 Qc7 29. Red1 Nc8 30. d5 cxd5 31. Bxd5 Nb6 32. c4 Nd7 33. Qf2 b6 34. Bf7 Re7 35. Bd5 Nc5 36. Bxc5 bxc5 37. Qe3 Qb6 38. Rb1 Bd4 39. Qe2 Rb8 40. h4 Qf6 41. Kh3 h6 42. Rd2 Rg7 43.
Qd1 g5 44. Qh5 gxf4 45. gxf4 Be3 46. Rg2 Rxg2 47. Kxg2 Qg7+ 48. Kh1 Rf8 49. Be6 Qf6 50. Bd7 Bd4 51. Rd1 Kg7 52. Rd2 Rf7 53. Rg2+ Kf8 54. Bb5 Be3 55. Rg6 Qa1+ 56. Kh2 Qb2+ 57. Kh3 Bxf4 58.
Re6 Qh2# 0-1

[Event "*** Titled Tuesday Blitz"]
[Site "Chess.com"]
[Date "2020.11.24"]
[Round "1"]
[White "Oleksandr_Bortnyk"]
[Black "ama18"]
[Result "1-0"]
[WhiteElo "2910"]
[BlackElo "2446"]
[TimeControl "180+1"]
[EndTime "10:23:22 PST"]
[Termination "Oleksandr_Bortnyk won by resignation"]

1. e4 c5 2. Nf3 d6 3. c3 Nf6 4. h3 g6 5. Bd3 Bg7 6. Bc2 Nc6 7. O-O O-O 8. d4 cxd4 9. cxd4 e5 10. d5 Ne7 11.
Nc3 Nh5 12. b3 h6 13. Bd2 Nf4 14. Ne2 Nxe2+ 15. Qxe2 f5 16. Rac1 f4 17. Bb4 a5 18.
Ba3 b5 19. Bd3 b4 20. Bb2 g5 21. Nh2 f3 22. Nxf3 g4 23. Nh2 gxh3 24. g3 Ng6 25. Qh5 Kh7 26. Be2 Qf6 27. Rc7 Rf7 28. Rxf7 Qxf7 29.
Rc1 Bd7 30. Rc7 Rc8 31. Rxd7 Qxd7 32. Bg4 Qe8 33. Bxc8 Qxc8 34. Qe2 Qc5 35. Nf3 Bf6 36. Kh2 Qc8 37. Ng1 Qc5 38. Nxh3 Kg7 39. Qd2 h5 40. Bc1 Kf7 41. Qd1 h4 42. Be3 Qc8 43. g4 Be7 44. g5 Qh8 45. Qg4 Kg7 46. Qd7 Qf8 47. Kg2 Qf7 48. Qc7 Kg8 49. Qxa5 Kg7 50. Qxb4 Kg8 51.
Qb8+ Kg7 52. Qc8 Nf4+ 53. Bxf4 exf4 54. Qf5 f3+ 55. Qxf3 Qg6 56. a4 Bd8 57. b4 Bxg5 58. Qg4 Bd8 59. Qxg6+ 1-0

[Event "*** Titled Tuesday Blitz"]
[Site "Chess.com"]
[Date "2020.11.24"]
[Round "1"]
[White "lucachess49"]
[Black "ftorodent"]
[Result "1-0"]
[WhiteElo "2356"]
[BlackElo "2642"]
[TimeControl "180+1"]
[EndTime "10:23:22 PST"]
[Termination "lucachess49 won by resignation"]

1. d4 f5 2. c4 Nf6 3. Nc3 e6 4. e3 Bb4 5. Bd3 O-O 6. Ne2 d6 7. O-O e5 8. a3 Bxc3 9. Nxc3 Nc6 10. dxe5 dxe5 11. Qe2 Be6 12. b3 Qe7 13. Bb2 Rad8 14.
Rad1 a5 15. h3 Qf7 16. Bc2 h6 17. Nb5 a4 18. f4 axb3 19. Bxb3 Na5 20. Ba2 Nxc4 21.
fxe5 Ne4 22. Nd4 Ng3 23. Qc2 Nxf1 24. Nxe6 Rxd1 25. Qxd1 Nfxe3 26. Qb3 Qxe6 27. Qxe3 Nxe3 28. Bxe6+ Kh7 29. Bd7 Nd5 30. e6 Ne7 31. Be5 Kg6 32. Bxc7 Kf6 33. Bb6 Ra8 34. Bd4+ Kg6 35. Bc5 Nd5 36.
e7 Kf7 37. e8=Q+ Rxe8 38. Bxe8+ Kxe8 39. Kf2 Kd7 40. Kf3 Kc6 41. Bf8 g6 42. Bxh6 Kb5 43.
Bf8 Kc4 44. h4 Kd3 45. g4 fxg4+ 46. Kxg4 Nf6+ 47. Kf4 Ne4 48. Bb4 Kd4 49. Kg4 Ke5 50. Bf8 Nf6+ 51. Kg3 Kf5 52. Bb4 Nd5 53. Kf3 Nxb4 54.
axb4 b5 55. Kg3 g5 56. h5 Kf6 57. Kg4 Kf7 58. Kxg5 Kg7 59. Kf5 1-0

[Event "*** Titled Tuesday Blitz"]
[Site "Chess.com"]
[Date "2020.11.24"]
[Round "1"]
[White "HackingKid98"]
[Black "vlad10898"]
[Result "0-1"]
[WhiteElo "2353"]
[BlackElo "2683"]
[TimeControl "180+1"]
[EndTime "10:23:23 PST"]
[Termination "vlad10898 won on time"]

1. d4 Nf6 2. c4 g6 3. g3 Bg7 4. Bg2 O-O 5. Nf3 d6 6. O-O Nc6 7. Nc3 a6 8. b3 Rb8 9. d5 Na5 10. Bg5 c5 11. dxc6 Nxc6 12. Qd2 Bf5 13. Rac1 Qd7 14. Rfd1 Bh3 15. Bh1 Rfc8 16. Nd5 Nxd5 17.
cxd5 Ne5 18. Nxe5 Bxe5 19. Be3 Rxc1 20. Rxc1 Rc8 21. Rxc8+ Qxc8 22. Qc1 Qxc1+ 23. Bxc1 Kf8 24. f4 Bd4+ 25. e3 Bc5 26. Kf2 Bf5 27. Ke2 Bb1 28. a3 a5 29. Kd2 f5 30. Bf3 Kf7 31.
Be2 Be4 32. Bc4 g5 33. a4 Kg6 34. Bb2 gxf4 35. gxf4 Kh5 36. Bg7 Bb6 37. Bf8 Bd8 38. Ke2 Kg6 39. Kf2 Kf7 40. Bh6 Bb6 41. Bg5 Bc5 42. Bh4 Bb4 43. Bg5 Bc3 44. Bh4 h6 45.
Bg3 Bf6 46. Ke2 h5 47. Be1 b6 48. h4 Ke8 49. Kd2 Kd7 50. Bf2 Kc7 51. Bg3 e6 52.
dxe6 d5 53. Bd3 Kd6 54. Bxe4 dxe4 55. Kc2 Kxe6 56. Be1 Kd5 57. Kd1 Be7 58. Kc2 Bc5 59. Bd2 Be7 60. Be1 Kc5 61. Kd1 Bd8 62. Ke2 b5 63.
Kd1 bxa4 64. bxa4 Kc4 65. Kc2 Bb6 66. Bd2 Bc7 67. Be1 Bd8 68. Bd2 Bxh4 69. Bxa5 Bg3 70.
Bd2 h4 71. a5 Kb5 72. Be1 h3 0-1

[Event "*** Titled Tuesday Blitz"]
[Site "Chess.com"]
[Date "2020.11.24"]
[Round "1"]
[White "Chessdude1987"]
[Black "1977Ivan"]
[Result "0-1"]
[WhiteElo "2346"]
[BlackElo "2665"]
[TimeControl "180+1"]
[EndTime "10:23:24 PST"]
[Termination "1977Ivan won by checkmate"]

1. e4 c5 2. Nc3 Nc6 3. g3 g6 4. Bg2 Bg7 5. d3 d6 6. Be3 Nh6 7. h3 f5 8. Qd2 Nf7 9. f4 O-O 10. Nf3 Nd4 11. O-O Bd7 12. Nd1 Nxf3+ 13. Rxf3 fxe4 14. dxe4 Bc6 15. Rf2 Qd7 16. c4 Rab8 17. Nc3 a6 18. a4 b5 19. axb5 axb5 20. cxb5 Bxb5 21. Kh2 Bc6 22. h4 Rb4 23. Qd3 Qb7 24.
Nd5 Bxd5 25. exd5 Nh6 26. Bh3 Rxb2 27. Re1 Nf5 28. Bxf5 Rxf5 29. Rxb2 Qxb2+ 30. Re2 Qb7 31. Rd2 h5 32. Qe4 Kh7 33. Kh3 Bf6 34. Qe6 Bg7 35. g4 hxg4+ 36. Kxg4 Rf6 37. Qe4 e5 38. fxe5 dxe5 39. h5 Qd7+ 40. Kg3 c4 41. Rh2 Kg8 42. hxg6 c3 43. Rf2 Rxf2 44. Kxf2 Bf6 45. Ke2 Qb5+ 46. Qd3 Qb2+ 47. Kd1 Kg7 48. Qc2 e4 49. Qxb2 cxb2 50.
Kc2 Kf8 51. Bc5+ Ke8 52. Ba3 e3 53. Bb4 e2 54. Kb1 Kd7 55. Bd2 Bg7 56. Kc2 Kd6 57. Bf4+ Kxd5 58. Bd2 Ke4 59. Be1 Kf3 60. Bd2 Kf2 61.
Bb4 e1=Q 62. Bxe1+ Kxe1 63. Kb1 Kd2 64. Ka2 Kc2 65.
Ka3 b1=Q 66. Ka4 Qb3+ 67. Ka5 Kc3 68. Ka6 Kc4 69. Ka7 Kc5 70. Ka8 Kc6 71. Ka7 Qb7# 0-1

[Event "*** Titled Tuesday Blitz"]
[Site "Chess.com"]
[Date "2020.11.24"]
[Round "1"]
[White "anon219"]
[Black "guillembaches"]
[Result "1-0"]
[WhiteElo "2767"]
[BlackElo "2399"]
[TimeControl "180+1"]
[EndTime "10:23:27 PST"]
[Termination "anon219 won by resignation"]

1. e4 c5 2. Nf3 d6 3. d4 cxd4 4. Nxd4 Nf6 5. Nc3 Nc6 6. f3 e5 7. Nb3 Be7 8. Be3 O-O 9. Qd2 a5 10. Bb5 Be6 11. O-O-O Na7 12. Bxa7 Rxa7 13. Kb1 Qb8 14.
g4 Rc8 15. g5 Ne8 16. h4 a4 17. Nxa4 Rxa4 18. Bxa4 b5 19. Bxb5 Qxb5 20. h5 Ra8 21. g6 h6 22. gxf7+ Bxf7 23. Rhg1 Bg5 24. Qd3 Qxd3 25.
Rxd3 Bxh5 26. Nc1 Bf7 27. b3 Bd8 28. Ne2 Bb6 29. Rg2 h5 30. f4 Kf8 31. fxe5 dxe5 32.
Ng3 g6 33. Rf3 Ke7 34. Rd2 Nd6 35. Rxd6 Kxd6 36. Rxf7 Ke6 37. Rb7 Bd4 38. Ne2 h4 39. c3 Be3 40. Rh7 g5 41. a4 Rg8 42. Kc2 g4 43. Rxh4 g3 44. Rh3 Bf2 45. a5 g2 46.
b4 g1=Q 47. Nxg1 Bxg1 48. Kb3 Rg4 49. Rh6+ Kd7 50. a6 Rxe4 51. a7 Bxa7 52. Rh7+ Kc6 53. Rxa7 Re1 54. Re7 Kd5 55. Rd7+ Ke4 56. Kc4 Kf3 57.
Rf7+ Ke3 58. Re7 e4 59. b5 Kf3 60. Kc5 Rb1 61. c4 e3 62. Kc6 e2 63. b6 Rb3 64. b7 Re3 65. Rxe3+ Kxe3 66. b8=Q e1=Q 67. Qe5+ 1-0

[Event "*** Titled Tuesday Blitz"]
[Site "Chess.com"]
[Date "2020.11.24"]
[Round "1"]
[White "dosto07"]
[Black "Gevo1990"]
[Result "1-0"]
[WhiteElo "2317"]
[BlackElo "2558"]
[TimeControl "180+1"]
[EndTime "10:23:27 PST"]
[Termination "dosto07 won by checkmate"]

1. d4 Nf6 2. Nf3 g6 3. Bf4 Bg7 4. Nc3 O-O 5. e4 d6 6. Qd2 c6 7. Bh6 b5 8. a3 Qa5 9. Bxg7 Kxg7 10. Bd3 Bg4 11. e5 Nfd7 12. exd6 Bxf3 13. dxe7 Re8 14.
gxf3 Rxe7+ 15. Ne2 Qxd2+ 16. Kxd2 Nf6 17. Ng3 Nbd7 18. Rhe1 Rae8 19. Rxe7 Rxe7 20. a4 b4 21. Ne4 Nd5 22. Re1 h6 23. Nc5 Rxe1 24.
Kxe1 Nxc5 25. dxc5 Kf6 26. Ba6 Ke5 27. Bb7 Ne7 28.
Kd2 Kd4 29. c3+ bxc3+ 30. bxc3+ Kxc5 31. Kd3 f5 32. a5 Kb5 33. a6 Kc5 34. h4 g5 35.
hxg5 hxg5 36. Ba8 Nd5 37. Bb7 Nb6 38. Ke3 Kd5 39. Kd2 Nc4+ 40. Kd3 Nd6 41. Ke3 Kc5 42. Kd3 f4 43. Ba8 Kd5 44. Bb7 Nf7 45. c4+ Kc5 46.
Ke4 Nh6 47. Ke5 Nf7+ 48. Kf6 Nd6 49. Kxg5 Nxc4 50. Kxf4 Nd6 51. Ke5 Nc4+ 52. Ke6 Nd2 53. f4 Ne4 54. f3 Nd2 55. f5 Nxf3 56. f6 Ng5+ 57. Ke7 Kb5 58. f7 c5 59. f8=Q c4 60.
Qf5+ Kb6 61. Qxg5 c3 62. Qc1 c2 63. Qxc2 Kb5 64. Qc6+ Ka5 65. Qd5+ Kb6 66. Bc6 Kc7 67.
Qd7+ Kb6 68. Qb7+ Ka5 69. Qxa7 Kb4 70. Kd6 Ka5 71. Bd5 Kb5 72. Qc5+ Kxa6 73. Qb4 Ka7 74.
Kc5 Ka6 75. Kc6 Ka7 76. Qb7# 1-0

[Event "*** Titled Tuesday Blitz"]
[Site "Chess.com"]
[Date "2020.11.24"]
[Round "1"]
[White "SARGISMV"]
[Black "frequentblunders"]
[Result "1-0"]
[WhiteElo "2498"]
[BlackElo "2073"]
[TimeControl "180+1"]
[EndTime "10:23:34 PST"]
[Termination "SARGISMV won by checkmate"]

1. d4 e6 2. Nf3 c5 3. c4 Nf6 4. d5 g6 5. Nc3 Bg7 6. Bg5 O-O 7. Qd2 exd5 8. cxd5 d6 9. e4 Re8 10.
Bd3 Nbd7 11. O-O a6 12. a4 Qa5 13. Rfe1 Ne5 14. Nxe5 dxe5 15. Rad1 Bd7 16. Qe2 Bxa4 17. Ra1 b5 18. Nxa4 bxa4 19. Bd2 Qb6 20. Rxa4 a5 21. Bc3 Nh5 22. g3 Bf8 23. Rea1 Reb8 24. Rxa5 Rxa5 25. Rxa5 Qb3 26. Bc4 Qb6 27. Ra6 Qb7 28. Qf3 f6 29. Qg4 Kg7 30. Qe6 Qf7 31. Qc6 Qb7 32.
Qa4 Qc8 33. Kg2 Rb7 34. Ra8 Qc7 35. Qe8 Qe7 36. Qc8 Rc7 37. Qb8 Qd6 38. Bb5 f5 39. Bd3 f4 40. g4 Nf6 41. f3 h5 42. h3 hxg4 43. hxg4 Nd7 44. Qe8 Qe7 45. Rd8 Qxe8 46. Rxe8 Kf7 47. Re6 Be7 48. Bxe5 Nxe5 49. Rxe5 Bf6 50.
Re6 Bxb2 51. Bc4 Rb7 52. e5 Rb4 53. Bd3 c4 54. Bxg6+ Kg7 55. d6 Bxe5 56. Rxe5 Rb2+ 57. Kh3 Rd2 58. Bf5 c3 59. Rc5 c2 60. Rxc2 Rxd6 61. Re2 Rh6+ 62. Kg2 Rd6 63. Re4 Kf6 64. Rxf4 Kg5 65. Re4 Rd2+ 66. Kg3 Rd3 67. Re6 Rd6 68. f4# 1-0

[Event "*** Titled Tuesday Blitz"]
[Site "Chess.com"]
[Date "2020.11.24"]
[Round "1"]
[White "Jungle_Jaguar"]
[Black "Satscho"]
[Result "1-0"]
[WhiteElo "2605"]
[BlackElo "2305"]
[TimeControl "180+1"]
[EndTime "10:23:35 PST"]
[Termination "Jungle_Jaguar won by resignation"]

1. e4 c5 2. Nf3 d6 3. d4 cxd4 4. Nxd4 Nf6 5. Nc3 a6 6. Be3 e5 7. Nb3 Be7 8. f3 Be6 9. Qd2 O-O 10. O-O-O a5 11. a4 Nc6 12. Bb5 Nb4 13. Kb1 Rc8 14. g4 d5 15. g5 Ne8 16. exd5 Bf5 17.
Na1 Nd6 18. Bd3 Nxd3 19. cxd3 Nc4 20. Qf2 Nxe3 21. Qxe3 Bb4 22. Qxe5 Bg6 23. Ne4 Re8 24.
Qd4 Qd7 25. d6 Red8 26. h4 Qxa4 27. h5 Bxe4 28. h6 f6 29. gxf6 Rxd6 30. f7+ Kxf7 31. Qxg7+ Ke6 32. Qg4+ Bf5 33. Rhe1+ Kd7 34. Qxf5+ Kc7 35.
Rc1+ Rc6 36. Rxc6+ bxc6 37. Rc1 Bd6 38. Qxh7+ Kb6 39.
Qe4 Qb5 40. h7 a4 41. Qd4+ Bc5 42. h8=Q Bxd4 43. Qxd4+ c5 44. Qc4 Qc6 45. Nc2 Qxf3 46. d4 Qc6 47. dxc5+ Qxc5 48. Qxc5+ Rxc5 49. Na3 Rh5 50.
Rc4 Ka5 51. Ka2 Rh2 52. Rc8 Rh4 53. Ra8+ Kb6 54. Nb1 Rg4 55. Nc3 a3 56. Rxa3 Rg2 57. Rb3+ Ka6 58. Ra3+ Kb6 59. Kb3 Rg3 60. Ra4 Rg2 61. Re4 Rh2 62. Nd5+ Kc5 63. Ne3 Rh3 64. Kc3 Kb5 65. b4 Rh7 66. Re8 Rc7+ 67. Kb3 Re7 68. Rxe7 1-0

[Event "*** Titled Tuesday Blitz"]
[Site "Chess.com"]
[Date "2020.11.24"]
[Round "1"]
[White "Ranindu2003"]
[Black "Hercog"]
[Result "1-0"]
[WhiteElo "2569"]
[BlackElo "2274"]
[TimeControl "180+1"]
[EndTime "10:23:36 PST"]
[Termination "Ranindu2003 won on time"]

1. e4 c6 2. d4 d5 3. e5 Bf5 4.
Nd2 e6 5. Nb3 Nd7 6. Nf3 Ne7 7.
Be2 Nc8 8. O-O Be7 9. a4 O-O 10. a5 a6 11. Bd3 Bxd3 12. Qxd3 Na7 13. Ra4 Nb5 14. Be3 Rc8 15. Rd1 f5 16. exf6 Bxf6 17. c4 Nd6 18. Nbd2 Qe8 19. Re1 Qh5 20. Bf4 Nf5 21.
Rxe6 Nxd4 22. cxd5 Nxf3+ 23. Nxf3 Qxd5 24. Qc4 Rfe8 25. Rd6 Qxc4 26. Rxc4 Rcd8 27. h3 Nf8 28. Rb4 Ne6 29. Bg3 Rxd6 30. Bxd6 Be7 31. Bxe7 Rxe7 32. Re4 Kf8 33. Ne5 Nc5 34. Rf4+ Ke8 35. Nc4 Kd7 36.
Rd4+ Kc7 37. Rh4 h6 38. Rf4 Nd7 39. b4 Nf6 40. Ne3 Nd5 41. Nxd5+ cxd5 42. Rf8 Kc6 43. Kf1 Rd7 44. Ke2 Kb5 45. Rf4 d4 46. Kd3 Kxb4 47. Rf5 Ka4 48. f4 Kb4 49. g4 Ka4 50. h4 Kb4 51. g5 hxg5 52. fxg5 Ka4 53. Re5 Kb4 54. h5 Ka4 55. g6 Kb4 56. Rg5 Rd8 57. Rf5 1-0

[Event "*** Titled Tuesday Blitz"]
[Site "Chess.com"]
[Date "2020.11.24"]
[Round "1"]
[White "AniJak"]
[Black "Geller_Jakov"]
[Result "0-1"]
[WhiteElo "2373"]
[BlackElo "2720"]
[TimeControl "180+1"]
[EndTime "10:23:37 PST"]
[Termination "Geller_Jakov won on time"]

1. e4 c5 2. Nf3 e6 3. d4 cxd4 4. Nxd4 Nc6 5. Be2 Nf6 6. Nc3 Qc7 7. O-O Be7 8. Be3 O-O 9. Kh1 d6 10. f4 Nxd4 11. Bxd4 e5 12. Be3 a6 13. a4 exf4 14. Bxf4 Be6 15. Bf3 Rac8 16. Qd2 Nd7 17. Rad1 Ne5 18. Bxe5 dxe5 19. Rf2 Bc5 20. Re2 Rfd8 21. Nd5 Bxd5 22. exd5 Qd6 23. b3 g6 24. Qg5 f5 25.
g3 e4 26. Bg2 Bb4 27. c4 a5 28. h4 Qe7 29. Qxe7 Bxe7 30. Rf1 Kg7 31. Kh2 h5 32. Kh1 Kf6 33. Kh2 Ke5 34. Kh1 b6 35. Kh2 Rf8 36. Rd1 Bd6 37. Kh1 Rf6 38. Rf1 Rg8 39. Ref2 Rff8 40.
Bh3 Bc5 41. Rd2 Kd6 42. Rdd1 Bb4 43. Rf4 e3 44. Bf1 Re8 45. Be2 Re5 46. Kg2 Bc5 47. Rd3 Ree8 48. Rd1 Ke5 49. Rd3 Rd8 50. Rd1 Rd6 51.
Rdf1 Rf6 52. Rd1 g5 53. hxg5 Rxg5 54. Rdf1 Rfg6 55. R4f3 h4 56. Kh3 hxg3 57. Kg2 Rf6 58. Bd3 f4 59. Be2 Bd6 60. Bd3 Kd4 61. Be2 Rh6 62.
Rd1+ Ke4 63. Rh1 Rxh1 64. Kxh1 Kd4 65. Kg2 Kc3 66. Bf1 Kd2 0-1

[Event "*** Titled Tuesday Blitz"]
[Site "Chess.com"]
[Date "2020.11.24"]
[Round "1"]
[White "Nemsko"]
[Black "chessdjw"]
[Result "1/2-1/2"]
[WhiteElo "2359"]
[BlackElo "2661"]
[TimeControl "180+1"]
[EndTime "10:23:41 PST"]
[Termination "Game drawn by repetition"]

1. e4 c5 2. Nf3 d6 3. d4 cxd4 4. Nxd4 Nf6 5. Nc3 a6 6. Be3 e5 7. Nb3 Be7 8. h3 h6 9. Qd2 Nbd7 10. O-O-O b5 11. Bd3 Bb7 12. f3 b4 13. Ne2 a5 14.
Kb1 a4 15. Nbc1 d5 16. exd5 Bxd5 17. Ng3 a3 18. Nb3 axb2 19. Nf5 g6 20. Nxh6 Nb6 21.
Bb5+ Kf8 22. Ng4 Nfd7 23. Bh6+ Kg8 24. Be3 Bc4 25. Bxd7 Ra7 26. Bc6 Qc8 27. Bxb6 Ra3 28. Qd7 Qa6 29. Qe8+ Bf8 30. Nf6+ Kg7 31. Ba5 Rxa5 32.
Nxa5 Qxa5 33. Ba4 Kxf6 34. Bb3 Bxb3 35. cxb3 Kg7 36. Qc6 Qa7 37. Qc4 Qe7 38. Kxb2 Qf6 39. Qe4 Rh4 40. g4 Rh7 41. Rd5 Bd6 42. Rhd1 Bc7 43.
Rd7 Bb6 44. R1d5 Bd4+ 45. Rxd4 exd4 46. Qxd4 Rxh3 47. Qxf6+ Kxf6 48. Rd3 Rh2+ 49. Kb1 Ke5 50. Re3+ Kd4 51. Re4+ Kc3 52. Re3+ Kd2 53. Re4 Rf2 54.
Rxb4 Rxf3 55. Rc4 f5 56. gxf5 gxf5 57. Kb2 f4 58. Rc2+ Ke3 59. a4 Rf2 60. a5 Rxc2+ 61.
Kxc2 f3 62. a6 f2 63. a7 f1=Q 64. a8=Q Qe2+ 65. Kc3 Qd2+ 66. Kc4 Qd4+ 67. Kb5 Qd3+ 68. Ka4 Qd4+ 69. Kb5 Qd3+ 70. Ka4 Qd4+ 71. Kb5 1/2-1/2

[Event "*** Titled Tuesday Blitz"]
[Site "Chess.com"]
[Date "2020.11.24"]
[Round "1"]
[White "Dedic8"]
[Black "Grieve72"]
[Result "1-0"]
[WhiteElo "2792"]
[BlackElo "2408"]
[TimeControl "180+1"]
[EndTime "10:23:43 PST"]
[Termination "Dedic8 won by resignation"]

1. e4 c5 2. Nf3 e6 3. d4 cxd4 4. Nxd4 Nc6 5. Nc3 Qc7 6. Be3 a6 7. Qf3 Nf6 8. O-O-O Rb8 9. Kb1 b5 10. Nxc6 dxc6 11. Bg5 Be7 12. e5 Nd5 13. Bxe7 Qxe7 14. Ne4 O-O 15. Qg3 Bb7 16. Be2 c5 17. Bf3 Kh8 18.
Rd2 Qc7 19. Rhd1 Bc6 20. Nxc5 Qb6 21. Bxd5 Qxc5 22. Bxc6 Qxc6 23. h4 b4 24. h5 h6 25.
Rd6 Qc4 26. Qd3 Qc5 27. f4 a5 28. g4 a4 29. Qd4 Qb5 30. g5 b3 31. cxb3 axb3 32. a3 Rfc8 33. gxh6 gxh6 34. f5 Qe2 35.
Qd2 Qe4+ 36. Qd3 Qg2 37. fxe6 Qc2+ 38. Ka1 fxe6 39. Rd7 Rb7 40. Rd8+ Rxd8 41. Qxd8+ Kh7 42. Qd3+ Qxd3 43. Rxd3 Rb5 44. Re3 Kg7 45. Kb1 Rc5 46.
Rxb3 Rxe5 47. Rh3 Kf6 48. a4 Kg5 49. Kc2 Kg4 50. Ra3 Ra5 51. b4 Ra8 52. a5 Kf4 53. b5 Ke5 54. b6 Kd6 55. b7 Rg8 56. a6 Kc7 57. Rc3+ Kb6 58. Rc8 Rg2+ 59. Kd3 Rg3+ 60. Ke4 Rg4+ 61. Kf3 1-0